 Dungeon Crawl Stone Soup version 0.31-a0-819-gf6de2f5ab6 (webtiles) character file.

Game seed: 5287559532967461161

16 demibob the Poker (level 2, -5/24 HPs)
             Began as a Merfolk Chaos Knight on Sept 24, 2023.
             Was a Plaything of Xom.
             Slain by an unseen horror (shapeshifter) (7 damage)
             ... on level 1 of the Dungeon.
             The game lasted 00:00:19 (211 turns).

demibob the Poker (Merfolk Chaos Knight)             Turns: 211, Time: 00:00:20

Health: -5/24      AC:  5    Str: 12    XL:     2   Next: 58%
Magic:  2/2        EV: 12    Int: 11    God:    Xom [..*...]
Gold:   16         SH:  0    Dex: 13    Spells: 1/1 levels left

rFire   . . .        a - +0 spear (chaos)
rCold   . . .        (no shield)
rNeg    . . .        b - +2 leather armour
rPois   .            (no helmet)
rElec   .            (no cloak)
rCorr   .            (no gloves)
SInv    .            (no boots)
Will    .....        (no amulet)
Stlth   +            (no ring)
HPRegen 0.24/turn    (no ring)
MPRegen 0.08/turn

%: no passive effects
@: no status effects
A: (nimble swimmer 2), mertail
a: Renounce Religion


You were on level 1 of the Dungeon.
You worshipped Xom.
You were a toy of Xom.
You visited 1 branch of the dungeon, and saw 1 of its levels.

You collected 16 gold pieces.


Innate Abilities, Weirdness & Mutations

((You are very nimble when in or above water. (Stealth+, EV+, Speed+++)))
Your lower body shifts to a powerful aquatic tail in water.


   Skills:
 - Level 3.2 Fighting
 + Level 5.1 Polearms
 - Level 0.6 Armour
 - Level 2.6 Dodging


You had one spell level left.
You didn't know any spells.
Your spell library contained the following spells:

 Spells                   Type           Power      Damage    Failure   Level
 Volatile Blastmotes      Fire/Tloc      0%         2d10      80%         3
 Fulminant Prism          Conj/Hex       0%         3d5       99%         4
 Iskenderun's Mystic Bla  Conj/Tloc      0%         2d3       99%         4

Inventory:

Hand Weapons
 a - a +0 spear of chaos (weapon)
Armour
 b - a +2 leather armour (worn)
 d - a +0 pair of gloves
Scrolls
 c - a scroll of butterflies
 e - a scroll of identify {unknown}
 f - a scroll of torment {unknown}

Dungeon Overview and Level Annotations

Branches:
Dungeon (1/15)

Altars:

####...#.#.#.#.#.#...#
...##...#.#.#.#.#.#..#
...##...#####.####.#.#
........# # # #.#.#
...#....# ###.#.#
#####...# #...#.#
#..## #.###.# #..#
#.##{###.# #..#
#...@†...# #..#
#..bb....# #..#
#.bb.....# #........#
#........# +........#
#........# ####.###.#


There were no monsters in sight!


Message History

Deactivating autopickup; reactivate with Ctrl-A.
You hit the endoplasm.
The endoplasm is lightly wounded.
Something hits you but does no damage. The bat barely misses you.
You hit the endoplasm.
The endoplasm suddenly seems more resistant.
Xom thinks this is hilarious!
The endoplasm is almost dead.
The bat barely misses you. Something hits you but does no damage.
The endoplasm freezes you.
You are frozen.
The bat closely misses you.
You barely miss the endoplasm.
The endoplasm is almost dead.
The bat barely misses you. Something hits you but does no damage.
The endoplasm closely misses you. Something hits you but does no damage.
You hit the endoplasm.
You kill the endoplasm!
The bat hits you but does no damage. Something hits you.
The bat hits you but does no damage.
You hit the bat. You burn the bat.
You kill the bat!
Something hits you!
* * * LOW HITPOINT WARNING * * *
A shower of butterflies erupts from you!
You start resting.
Something hits you.
* * * LOW HITPOINT WARNING * * *
There is a strange disturbance nearby!
Unknown command.
You hit something. Something hits you!
You die...

Skill      XL: |  1  2 |
---------------+-------+-----
Polearms       | 5 |  5.1
Fighting       | |  3.2
Armour         | |  0.6
Dodging        | |  2.6

Action                     || total
---------------------------++-------
  Melee: Spear             ||    47
 Armour: Leather armour    ||    38
  Dodge: Dodged            ||    31

Levels and vault maps discovered:
D:1:      dpeg_arrival_renting, layout_basic, basic_ecumenical_altar,
          minivault_23

Notes
Turn   | Place    | Note
-------+----------+-------------------------------------------
     0 | D:1      | demibob the Merfolk Chaos Knight began the quest for the
                  | Orb.
     0 | D:1      | Reached XP level 1. HP: 18/18 MP: 1/1
    67 | D:1      | Reached XP level 2. HP: 24/24 MP: 2/2
   151 | D:1      | Reached skill level 5 in Polearms
   203 | D:1      | a kobold changed into a shapeshifter
   203 | D:1      | Noticed a shapeshifter (shapeshifter)
   203 | D:1      | a shapeshifter changed into something unseen
   209 | D:1      | XOM: butterfly on damage
   210 | D:1      | HP: 2/24 [something (3)]
   211 | D:1      | Slain by an unseen horror (shapeshifter)

Vanquished Creatures
  2 ball pythons (D:1)
  An endoplasm (D:1)
  2 goblins (D:1)
  2 quokkas (D:1)
  6 bats (D:1)
  A frilled lizard (D:1)
  A rat (D:1)
15 creatures vanquished.

Table legend: (Time is in decaauts)
 A = Elapsed time spent in this place.
 B = Non-inter-level travel time spent in this place.
 C = Inter-level travel time spent in this place.
 D = Time resting spent in this place.
 E = Time spent auto-exploring this place.
 F = Levels seen in this place.
 G = Mean time per level.
                   A        B        C        D        E       F      G
               +--------+--------+--------+--------+--------+-----+--------+
         Total |    204 |    204 |      0 |      0 |    142 |   1 |  204.0 |
       Dungeon |    204 |    204 |      0 |      0 |    142 |   1 |  204.0 |
               +--------+--------+--------+--------+--------+-----+--------+

Top non-repeatable levels by time:
     D:1: 204 daAuts

Table legend:
 A = Non-vault XP
 B = Vault XP
 C = Vault XP percentage of total XP
 D = Non-vault monster count
 E = Vault monster count
 F = Vault count percentage of total count
                 A         B        C        D         E       F
            +---------+---------+-------+---------+---------+-------
      Total |      24 |       0 |   0.0 |      15 |       0 |   0.0
            +---------+---------+-------+---------+---------+-------
        D:1 |      24 |       0 |   0.0 |      15 |       0 |   0.0
            +---------+---------+-------+---------+---------+-------
